 Dungeon Crawl Stone Soup version 0.24-a0-388-gb57f36d6e0 (webtiles) character file.

Game seed: 5398443723439315505

3898 MachJacob the Destroyer (level 10, -10/86 HPs)
             Began as a Red Draconian Conjurer on June 4, 2019.
             Was a Follower of Vehumet.
             Killed from afar by a manticore (20 damage)
             ... with a volley of spikes
             ... on level 8 of the Dungeon.
             The game lasted 00:38:49 (10566 turns).

MachJacob the Destroyer (Red Draconian Conjurer)   Turns: 10566, Time: 00:38:50

Health: -10/86     AC:  7    Str: 11    XL:     10   Next: 0%
Magic:  15/17      EV: 15    Int: 19    God:    Vehumet [*.....]
Gold:   349        SH:  0    Dex: 11    Spells: 9/19 levels left

rFire    + . .     SeeInvis .   a - +3 whip (vamp)
rCold    . . .     Gourm    .   (no shield)
rNeg     . . .     Faith    .   (armour unavailable)
rPois    .         Spirit   .   (helmet restricted)
rElec    .         Reflect  .   o - scarf {cloud immunity}
rCorr    +         Harm     .   (no gloves)
MR       .....                  (no boots)
Stlth    ++........             (no amulet)
HPRegen  0.24/turn              A - ring of resist corrosion
MPRegen  0.15/turn              (no ring)

@: short of breath, barbed spikes, very slightly contaminated, invisible
A: breathe fire, unfitting armour, fire resistance 1, cold-blooded, AC +7
a: Breathe Fire, Renounce Religion


You were on level 8 of the Dungeon.
You worshipped Vehumet.
Vehumet was aware of your devotion.
You were near starving.

You visited 2 branches of the dungeon, and saw 9 of its levels.
You also visited: Ossuary.

You collected 349 gold pieces.

Inventory:

Hand Weapons
 a - a +3 vampiric whip (weapon)
 b - a +1 dagger of speed
Missiles
 h - 312 stones (quivered)
 k - 2 throwing nets {!f}
Armour
 o - a scarf of cloud immunity (worn)
Jewellery
 r - an uncursed amulet of magic regeneration {unknown}
 A - a ring of resist corrosion (left hand)
Wands
 u - a wand of polymorph (17)
 v - a wand of iceblast (10)
 I - a wand of digging (8)
 L - a wand of acid (7)
Scrolls
 e - 2 scrolls of enchant weapon
 i - 3 scrolls of magic mapping
 j - 5 scrolls of teleportation
 m - 2 scrolls of remove curse
 s - a scroll of enchant armour
 x - a scroll of fear
 y - a scroll of amnesia {unknown}
 B - 2 scrolls of immolation
 D - a scroll of torment {unknown}
 G - a scroll of fog {unknown}
 J - 3 scrolls of identify
 K - a scroll of blinking {unknown}
Potions
 c - 2 potions of berserk rage
 d - 4 potions of degeneration
 g - 3 potions of mutation {unknown}
 l - 7 potions of curing
 n - 2 potions of invisibility
 p - 4 potions of lignification
 q - a potion of magic
 t - 2 potions of brilliance {unknown}
 w - a potion of ambrosia {unknown}
 z - a potion of heal wounds {unknown}
 C - 3 potions of haste {unknown}
 E - a potion of resistance {unknown}
 F - 2 potions of might {unknown}
 H - 3 potions of flight {unknown}
Comestibles
 f - 15 rations


   Skills:
 * Level 7.2 Fighting
 + Level 6.5 Dodging
 - Level 1.7 Stealth
 - Level 5.0 Spellcasting
 - Level 8.1 Conjurations
 - Level 3.0 Hexes
 - Level 5.0 Translocations


You had 9 spell levels left.
You knew the following spells:

 Your Spells              Type           Power        Failure   Level  Hunger
a - Magic Dart            Conj           ####         1%          1    None
b - Searing Ray           Conj           #####.       1%          2    #......
c - Dazzling Spray        Conj/Hex       ####..       3%          3    ##.....
d - Force Lance           Conj/Tloc      ####....     9%          4    ####...

Your spell library contained the following spells:

 Spells                   Type           Power        Failure   Level  Hunger
 Sandblast                Erth           #.....       12%         1    None
 Iskenderun's Mystic Bla  Conj           #####...     4%          4    ####...
 Fulminant Prism          Conj/Hex       ####......   12%         4    ####...


Dungeon Overview and Level Annotations

Branches:
Dungeon (8/15)             Temple (1/1) D:7
   Lair: D:8-11

Altars:
Ashenzari
Cheibriados
Dithmenos
Elyvilon
Fedhas
Gozag
Hepliaklqana
Kikubaaqudgha
Makhleb
Nemelex Xobeh
Okawaru
Qazlal
Ru
Sif Muna
Trog
Uskayaw
Vehumet
Wu Jian
Xom
Yredelemnul
Zin
The Shining One

Shops:
D:5 }:?%


Innate Abilities, Weirdness & Mutations

You can breathe blasts of fire.
Your fiery red scales are hard. (AC +7)
You cannot fit into any form of body armour.
Your flesh is heat resistant. (rF+)
You are cold-blooded and may be slowed by cold attacks.


Message History

Casting: Magic Dart (safe; 1% risk of failure)
Confirm with . or Enter, or press ? or * to list all spells.
Aiming: Magic Dart (safe; 1% risk of failure)
Press: ? - help, Shift-Dir - straight line, f/p - manticore
Aim: a manticore (severely wounded)
The magic dart hits the manticore but does no damage.
The manticore is severely wounded.
The manticore flicks its tail.
The volley of spikes misses you.
Casting: Magic Dart (safe; 1% risk of failure)
Confirm with . or Enter, or press ? or * to list all spells.
Aiming: Magic Dart (safe; 1% risk of failure)
Press: ? - help, Shift-Dir - straight line, f/p - manticore
Aim: a manticore (severely wounded)
The magic dart hits the manticore but does no damage.
The manticore is severely wounded.
The manticore flicks its tail.
The volley of spikes hits you!!
The barbed spikes become lodged in your body.
You die...

#.# #.# #. #..# #.# #.#
#. #..# #.# ####.## #.
.... #.# #...@.# #. #.#
#.###.# #.#######.
#.###.# ... #.........
......###.)## #...# #.
#..........######†..####
#.
#######.....§H..@........
#. ..........†....... #.
##.#.#####.......### #.
######..#.# ###...### #.
..........# #...# #.##.
######.###### ##### #...<
#......# #.### ######.# #
#.#


You could see a manticore.

Vanquished Creatures
  Erica (D:8)
  Joseph (D:7)
  Prince Ribbit (D:7)
  3 hippogriffs (D:7)
  Menkaure (D:7)
  An orc warrior (D:6)
  2 ice beasts (D:5 D:7)
  4 ogres (D:4 D:6 D:7)
  A big kobold (D:7)
  4 bullfrogs (D:6 D:8)
  3 killer bees (D:8)
  A howler monkey (D:4)
  3 crimson imps (D:5 D:6 D:8)
  2 centaur zombies (Ossuary)
  A human zombie (Ossuary)
  4 hounds (D:4 D:5 D:6 D:7)
  4 orc priests (D:2 D:3 D:6)
  2 bullfrog skeletons (D:6 D:8)
  2 orc wizards (D:3 D:5)
  An iguana (D:8)
  4 worker ants (D:3 D:4 D:6)
  A killer bee zombie (D:7)
  3 mummies (Ossuary)
  A worker ant zombie (D:5)
  7 adders (D:2 D:3 D:5 D:7)
  An adder zombie (D:6)
  3 adder skeletons (D:4 D:6 D:7)
  A worm (D:3)
  A dart slug (D:3)
  2 leopard geckos (D:6 D:7)
  27 orcs (D:3 D:2 D:4 D:5 D:6)
  9 bats (D:1 D:2 D:3)
  A giant cockroach (D:1)
  13 goblins (D:1 D:2 D:3)
  9 hobgoblins (D:1 D:2 D:3)
  19 jackals (D:1 D:3 D:4 D:5 D:7)
  18 kobolds (D:1 D:2 D:3 D:8 D:7)
  3 quokkas (D:3 D:6)
  2 ball pythons (D:1 D:5)
  6 frilled lizards (D:1 D:2 D:3 D:4)
  A gnoll zombie (Ossuary)
  4 orc zombies (Ossuary)
  A quokka zombie (D:5)
  13 rats (D:1 D:2 D:3)
  2 rat zombies (D:5)
194 creatures vanquished.

Notes
Turn   | Place    | Note
-------+----------+-------------------------------------------
     0 | D:1      | MachJacob the Draconian Conjurer began the quest for the
                  | Orb.
     0 | D:1      | Reached XP level 1. HP: 14/14 MP: 3/3
   283 | D:1      | Reached XP level 2. HP: 20/20 MP: 5/5
   298 | D:1      | Learned a level 2 spell: Searing Ray
  1304 | D:1      | You fall into a shaft and drop 1 floor!
  1306 | D:2      | Reached XP level 3. HP: 26/26 MP: 3/6
  1359 | D:2      | Learned a level 3 spell: Dazzling Spray
  2499 | D:2      | Reached XP level 4. HP: 28/33 MP: 0/7
  3019 | D:2      | Reached skill level 5 in Conjurations
  3019 | D:2      | Reached skill level 1 in Hexes
  3306 | D:3      | Reached XP level 5. HP: 36/38 MP: 4/9
  3751 | D:3      | Found a glowing golden altar of the Shining One.
  4686 | D:4      | Reached XP level 6. HP: 45/45 MP: 4/10
  5079 | D:4      | Reached skill level 6 in Conjurations
  5446 | D:5      | Entered Level 5 of the Dungeon
  5506 | D:5      | Noticed an ice beast
  5529 | D:5      | Found a sand-covered staircase.
  5540 | Ossuary  | Entered an ossuary
  5613 | Ossuary  | Your scales start taking on a fiery red colour.
  5613 | Ossuary  | Reached XP level 7. HP: 16/50 MP: 1/12
  5613 | Ossuary  | Gained mutation: Your flesh is heat resistant. (rF+) [Red
                  | Draconian growth]
  6332 | D:5      | Found Tienuu's Book Shop.
  6337 | D:5      | Found Butt's Food Shop.
  6337 | D:5      | Found Gaevoxic's Gadget Shop.
  6338 | D:5      | Found Toockeg's Magic Scroll Shop.
  7314 | D:6      | Reached skill level 7 in Conjurations
  7661 | D:6      | Reached XP level 8. HP: 57/57 MP: 8/14
  8240 | D:7      | Reached skill level 8 in Conjurations
  8299 | D:7      | Found a staircase to the Ecumenical Temple.
  8309 | Temple   | Entered the Ecumenical Temple
  8397 | Temple   | Became a worshipper of Vehumet
  8480 | D:7      | Learned a level 4 spell: Force Lance
  8515 | D:7      | Reached skill level 1 in Fighting
  8692 | D:6      | Reached skill level 5 in Dodging
  8692 | D:6      | Reached skill level 5 in Spellcasting
  8692 | D:6      | Reached skill level 1 in Translocations
  8770 | D:7      | Noticed Joseph
  8849 | D:7      | Killed Joseph
  8849 | D:7      | Reached XP level 9. HP: 52/69 MP: 11/16
  9026 | D:7      | Noticed Menkaure
  9046 | D:7      | Killed Menkaure
  9065 | D:7      | Noticed Prince Ribbit
  9086 | D:7      | Killed Prince Ribbit
  9786 | D:8      | Noticed a manticore
  9888 | D:8      | Noticed Erica
  9977 | D:7      | Reached skill level 5 in Fighting
 10286 | D:8      | Reached * piety under Vehumet
 10286 | D:8      | Offered knowledge of Sandblast by Vehumet.
 10408 | D:8      | Reached skill level 5 in Translocations
 10522 | D:8      | Killed Erica
 10537 | D:8      | Reached XP level 10. HP: 26/86 MP: 4/17
 10566 | D:8      | Killed from afar by a manticore

Levels and vault maps discovered:
D:1:      dpeg_arrival_rooms_a, layout_loops_corners, serial_forest,
          infiniplex_forest_clump_double, infiniplex_forest_end_1,
          infiniplex_forest_clump_diagonal, infiniplex_forest_corner_1,
          infiniplex_forest_clump_double, infiniplex_forest_straight_4,
          infiniplex_forest_lined_corner, infiniplex_forest_lined_room_3,
          infiniplex_forest_clump_tiny, minmay_strange_pillars
D:2:      layout_basic
D:3:      layout_loops_ring, tso_metal_star, first_ration
D:4:      layout_loops_ring
D:5:      layout_rooms, enter_ossuary_4, minmay_shop_grid_forest
D:6:      layout_rooms
D:7:      layout_cave_pools, minmay_temple_entry_drinking_statues,
          grunt_ogre_cave, uniq_menkaure, uniq_joseph, uniq_prince_ribbit1
D:8:      layout_loops_ring, basic_altar, uniq_erica
Temple:   grunt_wide_crystal_templ

Skill      XL: |  1  2  3  4  5  6  7  8  9 |
---------------+----------------------------+-----
Dodging        | 2 3 4 5 6 |  6.5
Conjurations   | 5 6 7 8 |  8.1
Hexes          | 1 2 3 |  3.0
Spellcasting   | 3 4 5 |  5.0
Fighting       | 3 7 |  7.2
Translocations | 2 5 |  5.0
Stealth        | |  1.7

Action                   |  1- 3 |  4- 6 |  7- 9 | 10-12 || total
-------------------------+-------+-------+-------+-------++-------
Melee: Dagger            |    26 |    18 |    35 |       ||    79
       Unarmed           |     2 |       |       |       ||     2
       Tailslap          |     3 |     8 |     9 |       ||    20
       Whip              |       |    58 |    37 |     1 ||    96
Throw: Stone             |     4 |       |       |       ||     4
 Cast: Magic Dart        |    84 |   129 |   295 |     3 ||   511
       Searing Ray       |     1 |     5 |     1 |       ||     7
       Force Lance       |       |       |     5 |       ||     5
 Abil: Breathe Fire      |       |       |    17 |     1 ||    18
  Use: Scroll            |     7 |     3 |     4 |     1 ||    15
       Potion            |       |       |     2 |     3 ||     5
 Stab: Sleeping          |     3 |     1 |       |       ||     4
       Distracted        |       |       |     1 |       ||     1
       Invisible         |       |       |       |     1 ||     1
  Eat: Chunk             |     6 |    10 |    14 |       ||    30
       Ration            |       |       |     1 |       ||     1
Armor: Skin              |    10 |    20 |    73 |     7 ||   110
Dodge: Dodged            |    24 |    59 |   130 |     2 ||   215

Table legend:
 A = Non-vault XP
 B = Vault XP
 C = Vault XP percentage of total XP
 D = Non-vault monster count
 E = Vault monster count
 F = Vault count percentage of total count
                 A         B        C        D         E       F
            +---------+---------+-------+---------+---------+-------
      Total |    3418 |    2151 |  38.6 |     176 |      18 |   9.3
            +---------+---------+-------+---------+---------+-------
        D:1 |      55 |       0 |   0.0 |      34 |       0 |   0.0
        D:2 |      95 |       0 |   0.0 |      21 |       0 |   0.0
        D:3 |     217 |       0 |   0.0 |      39 |       0 |   0.0
        D:4 |     317 |       0 |   0.0 |      18 |       0 |   0.0
        D:5 |     315 |       2 |   0.6 |      13 |       2 |  13.3
        D:6 |     800 |       0 |   0.0 |      20 |       0 |   0.0
        D:7 |    1207 |    1053 |  46.6 |      18 |       4 |  18.2
        D:8 |     412 |     897 |  68.5 |      13 |       1 |   7.1
    Ossuary |       0 |     199 | 100.0 |       0 |      11 | 100.0
            +---------+---------+-------+---------+---------+-------
